 Dungeon Crawl Stone Soup version 0.22.1-1-ga44c0e5 (webtiles) character file.

4353 Lauz the Carver (level 10, -6/90 (94) HPs)
             Began as a Minotaur Berserker on Oct 30, 2018.
             Was a High Priest of Trog.
             Killed from afar by a manticore (24 damage)
             ... with a volley of spikes
             ... on level 7 of the Dungeon.
             The game lasted 00:21:13 (6622 turns).

Lauz the Carver (Minotaur Berserker)                Turns: 6622, Time: 00:21:14

HP:   -6/90 (94)    AC:  5    Str: 25    XL:     10   Next: 12%
MP:   9/9           EV:  9    Int:  4    God:    Trog [*****.]
Gold: 275           SH:  8    Dex: 10    Spells: 9/9 levels left

rFire    . . .     SeeInvis .   a - +0 falchion
rCold    . . .     Gourm    .   q - +0 shield
rNeg     . . .     Faith    .   y - +0 leather armour
rPois    .         Spirit   .   (helmet restricted)
rElec    .         Reflect  .   F - +0 cloak
rCorr    +         Harm     .   (no gloves)
MR       .....                  e - +0 pair of boots
Stlth    +.........             (no amulet)
HPRegen  0.25/turn              t - ring of resist corrosion
MPRegen  0.11/turn              (no ring)

@: about to teleport, marked, barbed spikes, berserk cooldown, slowed, very slow
A: retaliatory headbutt, horns 2
a: Berserk, Trog's Hand, Brothers in Arms, Renounce Religion


You were on level 7 of the Dungeon.
You worshipped Trog.
Trog was extremely pleased with you.
You were very hungry.

You visited 1 branch of the dungeon, and saw 7 of its levels.

You collected 275 gold pieces.

Inventory:

Hand Weapons
 a - a +0 falchion (weapon)
 G - the cursed +0 mace of Inquiry {crush, rC+, unknown}
   (You found it on level 6 of the Dungeon)

   It inflicts extra damage upon your enemies.
   It protects you from cold.
   It has a curse placed upon it.
Armour
 b - a +0 animal skin
 e - a +0 pair of boots (worn)
 i - a +0 plate armour
 q - a +0 shield (worn)
 y - a +0 leather armour (worn)
 F - a +0 cloak (worn)
Jewellery
 t - a ring of resist corrosion (left hand)
Wands
 w - a wand of digging (8)
 I - a wand of polymorph (7)
Scrolls
 d - 4 scrolls of teleportation
 h - 2 scrolls of immolation {unknown}
 k - 5 scrolls of identify
 m - 5 scrolls of enchant weapon {unknown}
 r - 4 scrolls of remove curse
 v - a scroll of amnesia {unknown}
 A - 2 scrolls of random uselessness {unknown}
 D - a scroll of enchant armour {unknown}
 E - a scroll of noise {unknown}
 H - a scroll of magic mapping {unknown}
Potions
 f - 4 potions of heal wounds {unknown}
 g - 4 potions of lignification {unknown}
 j - a potion of haste {unknown}
 l - a potion of ambrosia {unknown}
 n - a potion of berserk rage {unknown}
 o - 4 potions of curing {unknown}
 p - a potion of invisibility {unknown}
 s - a potion of flight {unknown}
 u - 2 potions of mutation {unknown}
 x - 2 potions of degeneration {unknown}
 z - a potion of resistance {unknown}
 B - a potion of agility {unknown}
 C - a potion of brilliance {unknown}
 J - a potion of magic {unknown}
Comestibles
 c - 4 rations
 K - 4 chunks of flesh


   Skills:
 + Level 10.5 Fighting
 + Level 14.2 Long Blades
 + Level 2.4 Armour
 - Level 2.2 Dodging
 - Level 1.4 Shields
 - Level 0.4 Unarmed Combat


You had 9 spell levels left.
You didn't know any spells.
Your spell library was empty.

Dungeon Overview and Level Annotations

Branches:
Dungeon (7/15)
 Temple: D:4-7

Altars:
Gozag
Okawaru
Sif Muna
Uskayaw
Vehumet
Wu Jian
Xom
Zin
The Shining One

Shops:
D:3 *


Innate Abilities, Weirdness & Mutations

You reflexively headbutt those who attack you in melee.
You have a pair of horns on your head.


Message History

You feel strangely unstable.
It was a scroll of teleportation.
A slime creature comes into view.
You block the leopard gecko's attack.
The deep elf mage gestures wildly while chanting.
The deep elf mage blinks!
The orc warrior hits you with a flail of holy wrath!
* * * LOW HITPOINT WARNING * * *
The leopard gecko barely misses you. You furiously retaliate!
You headbutt the leopard gecko!
You kill the leopard gecko!
Trog accepts your kill.
The manticore flicks its tail.
You block the volley of spikes.
The orc warrior hits you with a flail of holy wrath.
* * * LOW HITPOINT WARNING * * *
An orc comes into view. It is wielding a dagger.
The manticore flicks its tail.
The volley of spikes hits you!
The barbed spikes become lodged in your body.
You die...

.# .# # .# #. .#
.##########.#####.#
.......@..#.......#
........o†###....#######
..............§.........
#......HH.######.....###
#.........# #..)..#
#........J# #.....###
#.........o ##...()).
##.#######o# #..###)## .
#..##..).e


You could see a slime creature, 2 manticores, an orc warrior and 2 orcs.

Vanquished Creatures
  Harold (D:7)
  Joseph (D:7)
  The ghost of Ymberto the Changer, a novice OpTm (D:5)
  Grinder (D:6)
  A hippogriff (D:7)
  Sigmund (D:2)
  Eustachio (D:5)
  Menkaure (D:6)
  Edmund (D:6)
  An orc warrior (D:6)
  An ice beast (D:6)
  2 phantoms
  A sky beast (D:7)
  A necrophage (D:5)
  3 ogres
  A bullfrog (D:6)
  A scorpion (D:6)
  9 howler monkeys
  3 crimson imps
  A quasit (D:7)
  A centaur zombie (D:6)
  6 hounds
  2 orc wizards
  A bullfrog skeleton (D:7)
  A gnoll shaman (D:4)
  A jelly (D:5)
  Crazy Yiuf (D:6)
  Terence (D:2)
  2 iguanas
  3 worker ants
  8 gnolls
  6 adders
  A shadow imp (D:6)
  4 oozes
  2 worms
  3 dart slugs
  A leopard gecko (D:7)
  24 orcs
  7 bats
  10 giant cockroaches
  7 goblins
  5 hobgoblins
  8 jackals
  3 quokkas
  4 ball pythons
  6 frilled lizards
  10 kobolds
  A leopard gecko zombie (D:4)
  6 rats (D:3)
168 creatures vanquished.

Notes
Turn   | Place    | Note
-------+----------+-------------------------------------------
     0 | D:1      | Lauz the Minotaur Berserker began the quest for the Orb.
     0 | D:1      | Reached XP level 1. HP: 19/19 MP: 0/0
   103 | D:1      | Reached skill level 4 in Long Blades
   208 | D:1      | Reached XP level 2. HP: 27/27 MP: 1/1
   484 | D:1      | Reached ** piety under Trog
   518 | D:1      | Reached XP level 3. HP: 33/33 MP: 2/2
  1174 | D:2      | Noticed Terence
  1180 | D:2      | Killed Terence
  1180 | D:2      | Reached skill level 5 in Long Blades
  1180 | D:2      | Reached XP level 4. HP: 41/41 MP: 3/3
  1611 | D:2      | Noticed Sigmund
  1616 | D:2      | Killed Sigmund
  1616 | D:2      | Reached skill level 5 in Fighting
  1616 | D:2      | Reached skill level 6 in Long Blades
  1616 | D:2      | Reached XP level 5. HP: 48/48 MP: 4/4
  1984 | D:3      | Found an ornate altar of the Wu Jian Council.
  2030 | D:3      | Found Zin's Purification Station.
  2033 | D:3      | Found a glowing silver altar of Zin.
  2042 | D:3      | Found a shattered altar of Ashenzari.
  2044 | D:3      | Found a shimmering altar of Xom.
  2044 | D:3      | Found a bloodstained altar of Trog.
  2046 | D:3      | Found a deep blue altar of Sif Muna.
  2046 | D:3      | Found a hide-covered altar of Uskayaw.
  2046 | D:3      | Found an opulent altar of Gozag.
  2066 | D:3      | Reached skill level 7 in Long Blades
  2066 | D:3      | Reached XP level 6. HP: 49/56 MP: 5/5
  2071 | D:3      | Reached *** piety under Trog
  2592 | D:4      | Reached skill level 1 in Shields
  2878 | D:4      | Reached skill level 8 in Long Blades
  2888 | D:4      | Reached XP level 7. HP: 26/63 MP: 6/6
  3267 | D:4      | Found a radiant altar of Vehumet.
  3356 | D:5      | Entered Level 5 of the Dungeon
  3729 | D:5      | Reached skill level 9 in Long Blades
  3931 | D:5      | Found a glowing golden altar of the Shining One.
  3958 | D:5      | Found a runed gate.
  3958 | D:5      | Found a runed gate.
  3959 | D:5      | Found a runed gate.
  3962 | D:5      | Noticed Ymberto's ghost (novice OpTm)
  3986 | D:5      | Killed Ymberto's ghost
  3986 | D:5      | Reached skill level 10 in Long Blades
  3986 | D:5      | Reached XP level 8. HP: 65/69 MP: 7/7
  4026 | D:5      | Noticed Eustachio
  4031 | D:5      | Reached **** piety under Trog
  4038 | D:5      | Killed Eustachio
  4264 | D:6      | Noticed Menkaure
  4274 | D:6      | Killed Menkaure
  4274 | D:6      | Reached skill level 11 in Long Blades
  4569 | D:6      | Noticed Edmund
  4583 | D:6      | Killed Edmund
  4792 | D:6      | Found an iron altar of Okawaru.
  4801 | D:6      | Found an opulent altar of Gozag.
  4861 | D:6      | Reached skill level 12 in Long Blades
  4861 | D:6      | Reached XP level 9. HP: 36/78 MP: 8/8
  5078 | D:6      | Noticed Grinder
  5114 | D:6      | Paralysed by Grinder for 3 turns
  5122 | D:6      | Killed Grinder
  5214 | D:6      | Found a runed door.
  5385 | D:6      | Noticed Crazy Yiuf
  5392 | D:6      | Killed Crazy Yiuf
  5404 | D:6      | Got a fine mace
  6048 | D:7      | Reached skill level 13 in Long Blades
  6068 | D:7      | Noticed Joseph
  6492 | D:7      | Killed Joseph
  6492 | D:7      | Reached skill level 10 in Fighting
  6568 | D:7      | Reached ***** piety under Trog
  6584 | D:7      | Noticed Harold
  6606 | D:7      | Killed Harold
  6606 | D:7      | Reached skill level 14 in Long Blades
  6606 | D:7      | Reached XP level 10. HP: 49/90 MP: 9/9
  6611 | D:7      | Noticed a deep elf mage
  6618 | D:7      | Noticed a manticore
  6619 | D:7      | Noticed a manticore
  6622 | D:7      | Killed from afar by a manticore

Skill      XL: |  1  2  3  4  5  6  7  8  9 |
---------------+----------------------------+-----
Long Blades    | 4 5 6 7 8 10 12 14 | 14.2
Fighting       | 4 5 6 7 8 10 | 10.5
Shields        | 1 |  1.4
Armour         | |  2.4
Dodging        | |  2.2
Unarmed Combat | |  0.4

Action                   |  1- 3 |  4- 6 |  7- 9 | 10-12 || total
-------------------------+-------+-------+-------+-------++-------
Melee: Falchion          |    56 |   126 |   326 |     2 ||   510
       Headbutt          |    10 |    23 |    66 |       ||    99
       Unarmed           |       |       |     3 |       ||     3
Invok: Berserk           |     1 |     1 |     5 |       ||     7
       Trog's Hand       |       |       |     1 |       ||     1
  Use: Scroll            |       |       |     1 |     2 ||     3
 Stab: Sleeping          |     3 |     2 |       |       ||     5
  Eat: Ration            |       |     1 |     1 |       ||     2
       Chunk             |       |     5 |    12 |       ||    17
Armor: Animal skin       |     9 |    25 |     5 |       ||    39
       Leather armour    |       |       |    53 |     1 ||    54
Dodge: Dodged            |    33 |    46 |    85 |     1 ||   165
Block: Shield            |       |    47 |   107 |     3 ||   157
       Rpst.: Falchion   |    12 |    12 |    23 |       ||    47
